 Dungeon Crawl Stone Soup version 0.31.0-12-g77e489cdc1 (webtiles) character file.

Game seed: 447631280060350400

42 Silvore the Trooper (level 3, -9/26 (29) HPs)
             Began as a Demonspawn Fighter on Feb 12, 2024.
             Mangled by Terence
             ... wielding the +7 Throatcutter {drain, coup de grace}
              (15 damage)
             ... on level 1 of the Dungeon.
             The game lasted 00:01:24 (1288 turns).

Silvore the Trooper (Demonspawn Fighter)            Turns: 1288, Time: 00:01:25

HP:   -9/26 (29)    AC:  8    Str: 18    XL:     3   Next: 33%
MP:   3/3           EV:  9    Int:  8    God:
Gold: 97            SH:  5    Dex: 12    Spells: 2/2 levels left

rFire   . . .        a - +0 long sword
rCold   . . .        c - +1 buckler
rNeg    . . .        b - +0 scale mail
rPois   .            (no helmet)
rElec   .            (no cloak)
rCorr   .            (no gloves)
SInv    .            (no boots)
Will    .....        (no amulet) Stlth
                     (no ring)
HPRegen 0.24/turn    (no ring)
MPRegen 0.08/turn

%: no passive effects
@: heavily drained
A: icy blue scales 1
a: no special abilities


You were on level 1 of the Dungeon.
You visited 1 branch of the dungeon, and saw 2 of its levels.

You collected 97 gold pieces.

Inventory:

Hand Weapons
 a - a +0 long sword (weapon)
Armour
 b - a +0 scale mail (worn)
 c - a +1 buckler (worn)
Jewellery
 e - an amulet of reflection
 h - an amulet of magic regeneration
Scrolls
 f - a scroll of amnesia {unknown}
 l - a scroll of poison {unknown}
Potions
 d - 2 potions of might
 g - a potion of attraction {unknown}
 i - a potion of haste {unknown}
 j - 2 potions of heal wounds
 k - a potion of degeneration {unknown}


   Skills:
 + Level 3.3 Fighting
 + Level 2.2 Long Blades
 + Level 3.2 Armour
 + Level 0.1 Dodging
 + Level 3.0 Shields


You had 2 spell levels left.
You didn't know any spells.
Your spell library contained the following spells:

 Spells                   Type           Power      Damage    Failure   Level
 Gell's Gravitas          Tloc           0%         N/A       99%         3
 Teleport Other           Tloc           0%         N/A       99%         3
 Dispersal                Tloc           0%         N/A       100%        6


Dungeon Overview and Level Annotations

Branches:
Dungeon (2/15)

Altars:

Annotations:
D:1 Terence


Innate Abilities, Weirdness & Mutations

You are partially covered in icy blue scales. (AC +2)


Message History

The jackal is severely wounded.
You block the jackal's attack.
You miss the jackal.
The jackal is severely wounded.
The jackal closely misses you. The jackal bites you.
You hit the jackal.
You kill the jackal!
The jackal barely misses you.
You closely miss the jackal. The jackal bites you.
The jackal barely misses you.
You slash the jackal!
You kill the jackal!
There is a stone staircase leading down, spattered with blood here.
You see here a jackal corpse.
You start resting.
HP restored.
You climb downwards.
Level annotation: Terence The jackal bites you but does no damage.
Terence barely misses you.
There is a stone staircase leading up here.
The jackal bites you but does no damage.
Terence hits you with the +7 Throatcutter {drain, coup de grace}!
You feel drained.
The jackal bites you but does no damage.
You climb upwards.
There is a stone staircase leading down, spattered with blood here.
You see here a jackal corpse.
You closely miss the jackal.
The jackal bites you but does no damage.
Terence hits you with the +7 Throatcutter {drain, coup de grace}!
You feel drained.
* * * LOW HITPOINT WARNING * * *
The jackal bites you but does no damage.
You hit the jackal.
You kill the jackal!
Terence hits you with the +7 Throatcutter {drain, coup de grace}!
Ouch! That really hurt!
You die...
Terence says, "Rest in peace."

...#
###'##....######.####
#### #......#### #.# ##
#....### #.# ## #....#
#.# ### ##...## #.# ..#
#.....# #.#
#.######...## #.#
............##########.#
#.######.......†@@.....#
..# ##.##############
### ### ## ##


You could see Terence.

Vanquished Creatures
  A dart slug (D:1)
  4 ball pythons (D:1)
  A bat (D:1)
  An endoplasm (D:2)
  4 giant cockroaches (D:1)
  4 goblins (D:1)
  5 hobgoblins (D:1)
  6 jackals
  2 quokkas
  4 frilled lizards (D:1)
  A kobold (D:1)
  2 rats (D:1)
35 creatures vanquished.

Notes
Turn   | Place    | Note
-------+----------+-------------------------------------------
     0 | D:1      | Silvore the Demonspawn Fighter began the quest for the Orb.
     0 | D:1      | Reached XP level 1. HP: 18/18 MP: 1/1
   205 | D:1      | Gained mutation: You are partially covered in icy blue
                  | scales. (AC +2) [demonic ancestry]
   205 | D:1      | Reached XP level 2. HP: 24/24 MP: 2/2
   851 | D:1      | Reached XP level 3. HP: 29/29 MP: 3/3
  1238 | D:2      | Noticed Terence
  1288 | D:1      | Mangled by Terence

Illustrated notes

Levels and vault maps discovered:
D:1:      evilmike_arrival_crescent, layout_loops_corners
D:2:      layout_rooms, uniq_terence

Skill      XL: |  1  2 |
---------------+-------+-----
Long Blades    | 2 |  2.2
Armour         | 3 |  3.2
Shields        | 3 |  3.0
Fighting       | |  3.3
Dodging        | |  0.1

Action                     || total
---------------------------++-------
  Melee: Long sword        ||   111
    Use: Scroll            ||     3
 Armour: Scale mail        ||   115
  Dodge: Dodged            ||    67
  Block: Buckler           ||    44
